cohdb
Replays
Latest Replays
All Replays
Popular Replays
Top Player Replays
Match Explorer
How It Works
Community
CoH3 Stats
Reddit
Sign in to upload your games and track your stats! →
Sign in with Steam
Match 41503173
Unlisted
Match 41503173
Overview
Messages
Build Orders
End
Royal Engineer Section
Royal Engineer Section
Construct Section Command Post
Infantry Section
Infantry Section
Infantry Section
Construct Platoon Command Post
Unlock M3 Stuart Light Tanks
M3 Stuart Light Tank
Selects Canadian Shock Battlegroup
Selects Attacking Spirit
Selects Offensive Resupply
Selects Canadian Shock Section
Selects Incendiary Munitions
M3 Stuart Light Tank
Selects Pyrotechnics
Null
Fortune
0
0
Comments
sign in to comment!
No comments posted yet!